 Dungeon Crawl Stone Soup version 0.23.2-40-g277498a001 (webtiles) character file.

Game seed: 5371678054614085895

354 Descartes the Changer (level 6, -7/29 HPs)
             Began as a Vine Stalker Transmuter on Oct 21, 2019.
             Killed by divine providence
             ... invoked by an orc priest
              (10 damage)
             ... on level 4 of the Dungeon.
             The game lasted 00:08:07 (4602 turns).

Descartes the Changer (Vine Stalker Transmuter)     Turns: 4602, Time: 00:08:07

Health: -7/29      AC:  4    Str: 13    XL:     6   Next: 62%
Magic:  0/10       EV: 17    Int: 15    God:
Gold:   173        SH:  0    Dex: 19    Spells: 1/9 levels left

rFire    . . .     SeeInvis .     - Unarmed
rCold    . . .     Gourm    .   (no shield)
rNeg     . . .     Faith    .   b - +0 robe
rPois    .         Spirit   +   g - +1 hat
rElec    .         Reflect  .   (no cloak)
rCorr    .         Harm     .   (no gloves)
MR       .....                  q - +0 pair of boots (curse)
Stlth    +++.......             r - amulet of rage
HPRegen  0.49/turn              (no ring)
MPRegen  0.12/turn              (no ring)

@: agile, berserk cooldown, lightly drained
A: fangs 2, regeneration 1, magic shield, antimagic bite, no potion heal 3, rot
immunity
a: Evoke Berserk Rage


You were on level 4 of the Dungeon.
You were hungry.

You visited 1 branch of the dungeon, and saw 4 of its levels.

You collected 173 gold pieces.

Inventory:

Missiles
 a - 25 arrows
 c - 11 poisoned needles
 h - 119 stones (quivered)
 k - 42 bolts
 m - 5 javelins
 n - 5 tomahawks
Armour
 b - a +0 robe (worn)
 g - a +1 hat (worn)
 q - a cursed +0 pair of boots (worn)
Jewellery
 r - an amulet of rage (around neck)
Scrolls
 e - a scroll of immolation {unknown}
 f - 4 scrolls of teleportation
 j - 2 scrolls of identify
Potions
 i - 2 potions of curing
 l - a potion of haste {unknown}
Comestibles
 d - 4 rations
 p - 6 chunks of flesh


   Skills:
 - Level 0.8(0.6) Fighting
 - Level 1.5(1.3) Dodging
 - Level 3.0(2.8) Unarmed Combat
 - Level 2.1(2.0) Spellcasting
 + Level 6.8(6.6) Transmutations


You had one spell level left.
You knew the following spells:

 Your Spells              Type           Power        Failure   Level  Hunger
a - Beastly Appendage     Tmut           ###...       1%          1    #......
b - Sticks to Snakes      Tmut           ###.....     2%          2    ###....
c - Blade Hands           Tmut           ###.......   36%         5    ######.

Your spell library contained the following spells:

 Spells                   Type           Power        Failure   Level  Hunger
 Spider Form              Tmut/Pois      ##........   17%         3    ###....
 Ice Form                 Ice/Tmut       ##......     50%         4    #####..


Dungeon Overview and Level Annotations

Branches:
Dungeon (4/15)
 Temple: D:4-7

Altars:

Annotations:
D:3 1 runed translucent door, Shtrein's ghost, amateur OpAs


Innate Abilities, Weirdness & Mutations

You have extremely sharp teeth.
Your natural rate of healing is unusually fast.
When hurt, damage is shared between your health and your magic reserves.
Your bite disrupts and absorbs the magic of your enemies.
Potions cannot restore your health.
You are immune to rotting.


Message History

You hit the orc priest but do no damage.
The orc priest is heavily wounded.
The orc priest misses you.
You closely miss the orc priest. Your bite misses the orc priest.
The orc priest is heavily wounded.
The orc priest barely misses you.
The orc priest calls down the wrath of Beogh upon you.
Beogh smites you!
* * * LOW HITPOINT WARNING * * *
The orc priest closely misses you.
You hit the orc priest but do no damage.
You bite the orc priest. You drain its power.
You feel invigorated.
The orc priest is severely wounded.
The orc priest hits you with a +0 mace.
* * * LOW HITPOINT WARNING * * *
You feel agile all of a sudden.
You feel yourself speed up.
The orc priest looks braver for a moment.
The orc priest invokes the aid of Beogh against you.
Beogh smites you!
You die...

#......)# #.# ##.######
#.# #.#....###.#######
#.#.##.#..........
#.#.##.#.#.#######
#.#..#.#.#.# #.#......#.#
#.#....###.##########
#.#.######...@oooo...
#.......############.
#######.##.#
........##.############.#
######..................#
#.###.############.# #.
#.# #. #.# #. ..#


You could see 2 orc priests, an orc wizard and an orc.

Vanquished Creatures
  A sky beast (D:3)
  An ogre (D:3)
  Jessica (D:2)
  6 adders
  3 gnolls (D:4)
  A worm (D:2)
  2 dart slugs
  3 leopard geckos
  2 orcs
  4 giant cockroaches
  4 goblins
  9 hobgoblins
  7 jackals
  9 bats
  4 frilled lizards
  A jackal skeleton (D:4)
  3 kobolds
  A quokka skeleton (D:4)
  7 rats
69 creatures vanquished.

Notes
Turn   | Place    | Note
-------+----------+-------------------------------------------
     0 | D:1      | Descartes the Vine Stalker Transmuter began the quest for
                  | the Orb.
     0 | D:1      | Reached XP level 1. HP: 9/9 MP: 4/4
   242 | D:1      | Reached XP level 2. HP: 12/14 MP: 6/6
   269 | D:1      | Reached skill level 3 in Transmutations
  1006 | D:1      | Reached XP level 3. HP: 8/17 MP: 4/7
  2111 | D:2      | Reached skill level 4 in Transmutations
  2868 | D:2      | Gained mutation: Your natural rate of healing is unusually
                  | fast. [Vine Stalker growth]
  2868 | D:2      | Reached XP level 4. HP: 19/21 MP: 8/8
  3147 | D:2      | Noticed Jessica
  3155 | D:2      | Killed Jessica
  3570 | D:3      | Noticed an ogre
  3636 | D:3      | Reached skill level 5 in Transmutations
  3639 | D:3      | Reached XP level 5. HP: 25/25 MP: 9/9
  3695 | D:3      | Found a runed translucent door.
  3780 | D:3      | Learned a level 2 spell: Sticks to Snakes
  3786 | D:3      | Learned a level 5 spell: Blade Hands
  3876 | D:3      | Noticed Shtrein's ghost (amateur OpAs)
  4027 | D:3      | Noticed a sky beast
  4056 | D:3      | Killed a sky beast
  4056 | D:3      | Reached skill level 6 in Transmutations
  4056 | D:3      | Reached XP level 6. HP: 24/29 MP: 10/10
  4602 | D:4      | Killed from afar by an orc priest

Skill      XL: |  1  2  3  4  5 |
---------------+----------------+-----
Transmutations | 3 4 5 6 |  6.8
Fighting       | |  0.8
Dodging        | |  1.5
Unarmed Combat | |  3.0
Spellcasting   | |  2.1

Action                   |  1- 3 |  4- 6 || total
-------------------------+-------+-------++-------
Melee: Unarmed           |   128 |   196 ||   324
       Bite              |    26 |    39 ||    65
       Punch             |       |     4 ||     4
 Abil: Evoke Berserk Rag |       |     4 ||     4
  Use: Scroll            |       |     3 ||     3
       Potion            |       |     1 ||     1
 Stab: Sleeping          |     2 |     3 ||     5
  Eat: Chunk             |     6 |     9 ||    15
Armor: Robe              |    30 |    58 ||    88
Dodge: Dodged            |    88 |   121 ||   209
